 Dungeon Crawl Stone Soup version 0.28.0-1-gb440e238dd (webtiles) character file.

Game seed: 13391231818529563683

3797 Sanktem7 the Jinx (level 9, 0/39 HPs)
             Began as a Spriggan Enchanter on Feb 23, 2022.
             Was a Follower of Dithmenos.
             Slain by a wight (9 damage)
             ... on level 8 of the Dungeon.
             The game lasted 00:45:18 (14642 turns).

Sanktem7 the Jinx (Spriggan Enchanter)             Turns: 14642, Time: 00:45:19

Health: 0/39       AC:  4    Str: 10    XL:     9   Next: 96%
Magic:  19/24      EV: 21    Int: 24    God:    Dithmenos [*.....]
Gold:   379        SH:  0    Dex: 15    Spells: 23/28 levels left

rFire   . . .      SeeInvis +   a - +1 dagger {short}
rCold   . . .      Faith    .   (no shield)
rNeg    . . .      Spirit   .   l - +1 robe of Hyojoh {Int+3 Slay+2}
rPois   .          Reflect  .   (helmet restricted)
rElec   .          Harm     .   z - +0 cloak
rCorr   .          Rampage  .   (gloves unavailable)
Will    +....                   (boots unavailable)
Stlth   +++++.....              (no amulet)
HPRegen 0.13/turn               g - +6 ring of strength
MPRegen 0.19/turn               y - ring of wizardry

@: wreathed by umbra, studying Armour, very quick
A: very small, no large weapons, unfitting armour, see invisible, speed 3
a: Renounce Religion


You were on level 8 of the Dungeon.
You worshipped Dithmenos.
Dithmenos was aware of your devotion.
You visited 2 branches of the dungeon, and saw 9 of its levels.
You also visited: Sewer.

You collected 379 gold pieces.


Innate Abilities, Weirdness & Mutations

You are very small and have problems with some larger weapons.
You are too small for most types of armour.
You have supernaturally acute eyesight. (SInv)
You cover ground extremely quickly. (Speed+++)


   Skills:
 - Level 1.1 Short Blades
 + Level 8.0 Dodging
 + Level 10.0 Stealth
 * Level 10.3 Spellcasting
 * Level 10.6 Hexes


You had 23 spell levels left.
You knew the following spells:

 Your Spells              Type           Power      Damage    Failure   Level
a - Ensorcelled Hibernat  Hex/Ice        74%        N/A       1%          2
b - Confusing Touch       Hex            59%        N/A       1%          3

Your spell library contained the following spells:

 Spells                   Type           Power      Damage    Failure   Level
 Beastly Appendage        Tmut           24%        N/A       1%          1
 Magic Dart               Conj           48%        1d5       1%          1
 Dazzling Flash           Conj/Hex       74%        N/A       1%          3
 Tukima's Dance           Hex            59%        N/A       1%          3
 Call Imp                 Summ           12%        N/A       3%          2
 Wereblood                Tmut           12%        N/A       3%          2
 Conjure Flame            Conj/Fire      12%        6-21      6%          3
 Ignite Poison            Fire/Tmut/Pois 12%        N/A       6%          3
 Mephitic Cloud           Conj/Pois/Air  12%        N/A       6%          3
 Spider Form              Tmut/Pois      12%        N/A       6%          3
 Sticky Flame             Conj/Fire      12%        2d4       21%         4

Inventory:

Hand Weapons
 a - a +1 dagger (weapon) {short}
 D - a +1 flail of holy wrath {mace}
   (You took it off a gnoll on level 6 of the Dungeon)
 E - a +1 whip of electrocution {mace}
   (You took it off a gnoll on level 6 of the Dungeon)
 I - a +1 vampiric hand axe {axe}
   (You took it off an orc on level 8 of the Dungeon)
Missiles
 p - 5 boomerangs (quivered) {throwing}
 r - 70 sling bullets
 u - 103 stones {throwing}
 C - 70 bolts
 G - 29 arrows
 J - 4 datura-tipped darts {throwing}
 K - 2 silver boomerangs {throwing}
Armour
 l - the +1 robe of Hyojoh (worn) {Int+3 Slay+2}
   (You found it on level 2 of the Dungeon)

   Int:       It affects your intelligence (+3).
   Slay:      It affects your accuracy & damage with ranged weapons and melee
   (+2).
 z - a +0 cloak (worn)
   (You took it off Crazy Yiuf on level 5 of the Dungeon)
Magical Staves
 m - a staff of cold {!astaff}
   (You found it on level 2 of the Dungeon)
 v - a staff of fire {!astaff}
   (You found it on level 4 of the Dungeon)
 L - a staff of poison {!astaff}
   (You found it on level 8 of the Dungeon)
Jewellery
 g - a +6 ring of strength (left hand)
   (You found it on level 3 of the Dungeon)
 y - a ring of wizardry (right hand)
   (You found it on level 4 of the Dungeon)
Wands
 k - a wand of iceblast (8)
   (You found it on level 5 of the Dungeon)
 n - a wand of flame (13)
   (You found it on level 5 of the Dungeon)
Scrolls
 b - 2 scrolls of fear
 i - 2 scrolls of teleportation {@r4}
 j - 2 scrolls of brand weapon {unknown}
 x - a scroll of immolation {unknown}
 F - a scroll of identify {@r1}
 H - 2 scrolls of fog
Potions
 c - a potion of invisibility
 d - 2 potions of curing {@q1}
 e - a potion of brilliance {unknown}
 f - 3 potions of heal wounds {unknown}
 h - a potion of mutation {unknown}
 o - a potion of degeneration {unknown}
 q - 5 potions of might
 s - 2 potions of haste {unknown}
 t - a potion of cancellation {unknown}
 w - a potion of flight {unknown}
 B - a potion of attraction {unknown}

Dungeon Overview and Level Annotations

Branches:
Dungeon (8/15)             Temple (1/1) D:5           Sewer (visited)
   Lair: D:8-11

Altars:
Ashenzari
Cheibriados
Dithmenos
Elyvilon
Fedhas
Gozag
Hepliaklqana
Kikubaaqudgha
Makhleb
Nemelex Xobeh
Okawaru
Qazlal
Ru
Sif Muna
Trog
Uskayaw
Vehumet
Wu Jian
Xom
Yredelemnul
Zin
The Shining One

Shops:
D:7

[ ### ####### #.#
#_.#._# ##.##
#.....#### ###...#
##.♣♣....####....##
#.....#........).#
#_.#._#.......@z.##
########.)..###zz.##
#..# #...## ###.o#
#..# ##..##
##z......# #..#
##..# #........ #..#
##.## ##z...##. #..#
##.## ....# #..##
##.#####....# ##
#...## ##..##......#


You could see 4 wights and an orc.


Message History

😕 HP[+1] 😕 MP[+1]
You start resting. 😕 HP[+1] MP[+2]
Your mp is fully restored (24). 😕 HP[+1]
You start resting.
An orc comes into view. It is wielding a +0 dagger. 😕 HP[+2]
You regained 2 hp, and now have 38/39 hp. 😎 HP[+1]
Your hp is fully restored (39).
Casting: Ensorcelled Hibernation (safe; 1% risk of failure)
Confirm with . or Enter, or press ? or * to list all spells.
Aiming: Ensorcelled Hibernation (safe; 1% risk of failure)
Press: ? - help, Shift-Dir - straight line, f - orc
Aim: an orc, wielding a +0 dagger and wearing a +0 leather armour (wandering, hasn't noticed you, chance to affect: 79%)
The orc shouts!
The orc looks drowsy... 😎 MP[-2]
You lost 2 mp, and now have 22/24 mp.
Casting: Ensorcelled Hibernation (safe; 1% risk of failure)
Confirm with . or Enter, or press ? or * to list all spells.
You can't see any susceptible monsters within range! (Use Z to cast anyway.)
The helpless orc fails to defend itself.
You skewer the orc like a kebab!!!
You kill the orc!
Dithmenos accepts your kill.
Things that are here:
a +0 dagger {short}; a +0 leather armour 😎 MP[+1] 😎 MP[+1]
Your mp is fully restored (24).
There is an escape hatch in the ceiling here.
There is an escape hatch in the ceiling here.
An orc warrior comes into view. It is wielding a +0 glaive.
A wight comes into view. It is wielding a +3 trident.
The orc warrior shouts!
You hear a shout! x2
Found a sacrificial altar of Ru.
Found a snail-covered altar of Cheibriados.
Found a radiant altar of Vehumet.
Found a burning altar of Makhleb.
Casting: Ensorcelled Hibernation (safe; 1% risk of failure)
Confirm with . or Enter, or press ? or * to list all spells.
Aiming: Ensorcelled Hibernation (safe; 1% risk of failure)
Press: ? - help, Shift-Dir - straight line, f - orc warrior
Aim: an orc warrior, wielding a +0 glaive and wearing a +0 plate armour (chance to affect: 64%)
The orc warrior looks drowsy... 😎 MP[-2]
You lost 2 mp, and now have 22/24 mp.
The helpless orc warrior fails to defend itself.
You perforate the orc warrior like a sieve!!!
You kill the orc warrior!
Dithmenos accepts your kill.
Your Stealth skill increases to level 10! 😎 MP[+1] 3 wights come into view.
The wight moves out of view.
A wight comes into view.
It is wielding a +0 dagger and carrying a wand of flame (9).
An orc comes into view. It is wielding a +0 club. 😎 MP[+1]
Your mp is fully restored (24).
The wight zaps a wand.
The puff of flame hits you. 😕 HP[-6]
You take 6 damage, and now have 33/39 hp. 😕 HP[+1]
Casting: Ensorcelled Hibernation (safe; 1% risk of failure)
Confirm with . or Enter, or press ? or * to list all spells.
Your hands begin to glow red.
The wight barely misses you. 😕 MP[-3]
You lost 3 mp, and now have 21/24 mp.
You barely miss the wight. You hit the wight but do no damage.
You hit the wight but do no damage.
The wight appears confused.
The wight closely misses you.
You catch the helpless wight completely off-guard!
You impale the wight!!
You destroy the wight!
Dithmenos accepts your kill. The wight barely misses you.
Casting: Confusing Touch (safe; 1% risk of failure)
Confirm with . or Enter, or press ? or * to list all spells.
Your hands begin to glow red.
The wight barely misses you.
The wight hits you with a +0 great sword! 😮 HP[-12] MP[-2]
You take 12 damage, and now have 22/39 hp.
MASSIVE DAMAGE!! (PAUSE)
You lost 2 mp, and now have 19/24 mp.
You barely miss the wight. The wight hits you with a +5 falchion.
* * * LOW HITPOINT WARNING * * *
The wight hits you with a +0 great sword!
* * * LOW HITPOINT WARNING * * *
😱 HP[-13]
You take 13 damage, and now have 9/39 hp.
MASSIVE DAMAGE!! (PAUSE)
The orc shouts!
You hit the wight but do no damage.
The wight appears confused.
The wight hits you with a +5 falchion!
You die...

Skill      XL: |  1  2  3  4  5  6  7  8  9 |
---------------+----------------------------+-----
Spellcasting   | 3 4 5 7 8 10 | 10.3
Hexes          | 4 5 6 7 9 10 | 10.6
Dodging        | 3 4 5 6 8 |  8.0
Stealth        | 5 6 7 8 10 | 10.0
Short Blades   | |  1.1

Action                   |  1- 3 |  4- 6 |  7- 9 || total
-------------------------+-------+-------+-------++-------
Melee: Dagger            |    77 |    98 |   347 ||   522
       Punch             |       |     1 |     3 ||     4
 Cast: Ensorcelled Hiber |    25 |    59 |   148 ||   232
       Confusing Touch   |       |     2 |    18 ||    20
  Use: Scroll            |       |     7 |     4 ||    11
 Stab: Sleeping          |    27 |    44 |   102 ||   173
       Distracted        |       |     2 |     1 ||     3
       Confused          |       |     2 |    19 ||    21
Armor: Robe              |     7 |    10 |    34 ||    51
Dodge: Dodged            |    44 |    67 |   308 ||   419

Levels and vault maps discovered:
D:1:      nzn_arrival_water_spiral, layout_basic,
          dreamdust_ecumenical_altar_angels_and_demons
D:2:      minmay_general_purpose_star, layout_loops_ring,
          corexii_item_surrounded_by_moat, minmay_circled_x, uniq_natasha,
          uniq_robin
D:3:      layout_loops_cross, kennysheep_generic_room_3
D:4:      layout_cave_pods, amcnicky_mini_rare_corridor_liquid,
          kennysheep_generic_room_2
D:5:      layout_basic, minmay_temple_entry_waves, uniq_crazy_yiuf_cottage
D:6:      layout_basic, lemuel_coloured_pillars_altar,
          chequers_temple_overflow_statue_of_worship, gup_sewer_entry_bubbles,
          nicolae_fountain_basement
D:7:      layout_loops_ring, minmay_shop_chei, nicolae_zen_rock_garden
D:8:      layout_layer_cave, mainiacjoe_overflow_alcove_3, special_room
          [special_room_orc]
Temple:   cyrus_circular_temple

Notes
Turn   | Place    | Note
-------+----------+-------------------------------------------
     0 | D:1      | Sanktem7 the Spriggan Enchanter began the quest for the
                  | Orb.
     0 | D:1      | Reached XP level 1. HP: 9/9 MP: 5/5
     0 | D:1      | magus.rc [v1.9.6]
   290 | D:1      | Reached skill level 3 in Spellcasting
   377 | D:1      | Reached XP level 2. HP: 13/13 MP: 7/7
   380 | D:1      | Learned a level 2 spell: Ensorcelled Hibernation
   413 | D:1      | Found a faded altar of an unknown god.
   472 | D:1      | Reached skill level 4 in Hexes
   745 | D:1      | Reached skill level 3 in Dodging
  1173 | D:2      | Noticed Robin
  1297 | D:2      | Reached XP level 3. HP: 16/16 MP: 5/8
  1496 | D:2      | You pick up a book of Minor Magic and begin reading...
  1496 | D:2      | You add the spells Magic Dart, Call Imp and Mephitic Cloud
                  | to your library.
  1500 | D:2      | Identified the +1 robe of Hyojoh {Int+3 Slay+2}
  2039 | D:2      | Noticed Natasha
  2044 | D:2      | Killed Natasha
  2121 | D:2      | Reached XP level 4. HP: 21/21 MP: 1/10
  2313 | D:2      | Noticed Natasha
  2318 | D:2      | Killed Natasha
  2319 | D:2      | Reached skill level 5 in Stealth
  2319 | D:2      | Reached skill level 4 in Spellcasting
  2428 | D:2      | Noticed Natasha
  2457 | D:2      | Killed Natasha
  2742 | D:3      | Reached skill level 5 in Hexes
  2919 | D:2      | Killed Robin
  2920 | D:2      | Reached XP level 5. HP: 24/24 MP: 3/12
  3781 | D:2      | Learned a level 3 spell: Confusing Touch
  4769 | D:4      | Reached skill level 4 in Dodging
  5003 | D:4      | You add the spells Conjure Flame, Ignite Poison and Sticky
                  | Flame to your library.
  5023 | D:4      | Reached skill level 5 in Spellcasting
  5023 | D:4      | Reached XP level 6. HP: 28/28 MP: 14/14
  5267 | D:4      | Reached skill level 6 in Stealth
  5426 | D:4      | Reached skill level 6 in Hexes
  5981 | D:5      | Entered Level 5 of the Dungeon
  6002 | D:5      | Found a staircase to the Ecumenical Temple.
  6028 | D:5      | Reached XP level 7. HP: 32/32 MP: 13/16
  6491 | D:5      | Reached skill level 6 in Spellcasting
  6494 | D:5      | Reached skill level 5 in Dodging
  7145 | D:5      | Reached skill level 7 in Hexes
  7160 | D:5      | Reached skill level 7 in Stealth
  8334 | D:5      | Reached skill level 7 in Spellcasting
  8334 | D:5      | Reached XP level 8. HP: 18/36 MP: 2/19
  8505 | D:5      | Found a runed translucent door.
  8506 | D:5      | Noticed Crazy Yiuf
  8513 | D:5      | Killed Crazy Yiuf
  8853 | D:6      | Reached skill level 6 in Dodging
  8873 | D:6      | Found an ornate altar of the Wu Jian Council.
  8874 | D:6      | Found a glowing silver altar of Zin.
  8874 | D:6      | Found a shimmering blue altar of Sif Muna.
  8875 | D:6      | Found a glowing golden altar of the Shining One.
  8980 | D:6      | Reached skill level 8 in Hexes
  9030 | D:6      | Found a glowing drain.
  9042 | Sewer    | Entered a sewer
  9470 | Sewer    | Reached skill level 8 in Stealth
  9711 | D:6      | HP: 8/36 [gnoll shaman (6)]
  9748 | D:6      | Reached skill level 8 in Spellcasting
 10635 | D:6      | Found a broken altar of Ashenzari.
 10745 | Temple   | Entered the Ecumenical Temple
 10811 | Temple   | Became a worshipper of Dithmenos the Shadowed
 10912 | D:7      | Reached skill level 9 in Hexes
 10912 | D:7      | Reached XP level 9. HP: 39/39 MP: 17/22
 10916 | D:7      | HP: 8/39 [orc (2)]
 10993 | D:7      | HP: 9/39 [centaur/arrow (7)]
 10997 | D:7      | Reached skill level 7 in Dodging
 10997 | D:7      | Reached skill level 9 in Spellcasting
 11407 | D:7      | Reached skill level 9 in Stealth
 11748 | D:7      | Found a snail-covered altar of Cheibriados.
 11751 | D:7      | Found Cheibriados's Comfort Zone.
 12128 | D:7      | You pick up a book of Changes and begin reading...
 12128 | D:7      | You add the spells Beastly Appendage, Wereblood and Spider
                  | Form to your library.
 12312 | D:7      | Reached skill level 10 in Hexes
 12840 | D:8      | HP: 3/39 [acid dragon (7)]
 13237 | D:8      | Reached * piety under Dithmenos
 13246 | D:8      | Reached skill level 10 in Spellcasting
 13269 | D:8      | HP: 9/39 [poisoned by a killer bee]
 13549 | D:8      | HP: 7/39 [acid dragon/splash of acid (30)]
 14158 | D:8      | Reached skill level 8 in Dodging
 14587 | D:8      | Found a sacrificial altar of Ru.
 14590 | D:8      | Found a snail-covered altar of Cheibriados.
 14593 | D:8      | Found a radiant altar of Vehumet.
 14594 | D:8      | Found a burning altar of Makhleb.
 14611 | D:8      | Reached skill level 10 in Stealth
 14641 | D:8      | HP: 9/39 [wight (7)]
 14642 | D:8      | Slain by a wight

Vanquished Creatures
  A wyvern (D:6)
  2 steam dragons (D:7)
  An acid dragon (D:8)
  A water moccasin (D:7)
  2 ice beasts (D:7)
  A sky beast (D:6)
  A black bear (D:7)
  2 orc warriors (D:8)
  2 necrophages (D:7)
  2 centaurs (D:7)
  An ogre (D:5)
  2 phantoms
  4 bullfrogs
  A scorpion (D:6)
  A wyvern zombie (D:7)
  A gnoll sergeant (D:5)
  2 water moccasin zombies
  2 killer bees (D:8)
  A wight (D:8)
  4 howler monkeys
  2 bullfrog zombies
  2 hounds
  4 orc priests
  Crazy Yiuf (D:5)
  A bullfrog skeleton (D:5)
  4 gnoll shamans
  Natasha (thrice) (D:2)
  6 iguanas
  4 orc wizards
  A killer bee zombie (D:6)
  A hound zombie (D:5)
  Robin (D:2)
  20 gnolls
  9 adders
  A white imp (D:6)
  4 worms
  3 dart slugs
  29 orcs
  8 endoplasms
  13 giant cockroaches
  14 goblins
  7 hobgoblins
  9 kobolds
  7 quokkas
  9 ball pythons
  6 bats
  9 frilled lizards
  10 rats
222 creatures vanquished.

Vanquished Creatures (others)
  2 orcs (D:7)
2 creatures vanquished.

Grand Total: 224 creatures vanquished

Table legend:
 A = Non-vault XP
 B = Vault XP
 C = Vault XP percentage of total XP
 D = Non-vault monster count
 E = Vault monster count
 F = Vault count percentage of total count
                 A         B        C        D         E       F
            +---------+---------+-------+---------+---------+-------
      Total |    4785 |     640 |  11.8 |     168 |      54 |  24.3
            +---------+---------+-------+---------+---------+-------
        D:1 |      34 |       0 |   0.0 |      20 |       0 |   0.0
        D:2 |      95 |      75 |  44.1 |      16 |      16 |  50.0
        D:3 |      64 |       6 |   8.6 |       8 |       3 |  27.3
        D:4 |     354 |      11 |   3.0 |      25 |       3 |  10.7
        D:5 |     854 |      40 |   4.5 |      33 |       1 |   2.9
        D:6 |     874 |      27 |   3.0 |      20 |       7 |  25.9
        D:7 |    1783 |       0 |   0.0 |      21 |       0 |   0.0
        D:8 |     727 |     252 |  25.7 |      25 |       3 |  10.7
      Sewer |       0 |     229 | 100.0 |       0 |      21 | 100.0
            +---------+---------+-------+---------+---------+-------

Illustrated notes

Table legend:
 A = Kills in this place as a percentage of kills in entire the game.
 B = Kills by you in this place as a percentage of kills by you in the entire game.
 C = Kills by friends in this place as a percentage of kills by friends in the entire game.
 D = Other kills in this place as a percentage of other kills in the entire game.
 E = Experience gained in this place as a percentage of experience gained in the entire game.
 F = Experience gained in this place divided by the number of levels of this place that you have seen.
                   A       B       C       D       E      F
               +-------+-------+-------+-------+-------+----------------------
         Total | 100.0 | 100.0 |   N/A | 100.0 | 100.0 | 542.5
       Dungeon |  90.5 |  90.5 |   N/A | 100.0 |  95.8 | 649.5
         Sewer |   9.5 |   9.5 |   N/A |   0.0 |   4.2 | 229.0
               +-------+-------+-------+-------+-------+----------------------

Table legend: (Time is in decaauts)
 A = Elapsed time spent in this place.
 B = Non-inter-level travel time spent in this place.
 C = Inter-level travel time spent in this place.
 D = Time resting spent in this place.
 E = Time spent auto-exploring this place.
 F = Levels seen in this place.
 G = Mean time per level.
                   A        B        C        D        E       F      G
               +--------+--------+--------+--------+--------+-----+--------+
         Total |  11757 |  11545 |    212 |   5590 |   2647 |  10 | 1175.7 |
       Dungeon |  11190 |  10992 |    198 |   5357 |   2622 |   8 | 1398.8 |
        Temple |     47 |     33 |     14 |      0 |     25 |   1 |   47.0 |
         Sewer |    519 |    519 |      0 |    233 |      0 |   1 |  519.0 |
               +--------+--------+--------+--------+--------+-----+--------+

Top non-repeatable levels by time:
     D:7: 2173 daAuts
     D:5: 1877 daAuts
     D:2: 1484 daAuts
     D:4: 1463 daAuts
     D:6: 1294 daAuts
     D:3: 1040 daAuts
     D:8: 1016 daAuts
     D:1: 840 daAuts
   Sewer: 519 daAuts
  Temple: 47 daAuts
